 Dungeon Crawl Stone Soup version 0.26-a0-834-g69557b85cc (webtiles) character file.

Game seed: 16471473475610755592

42 robertstho the Magician (level 3, 0/19 HPs)
             Began as a Deep Elf Fire Elementalist on Nov 16, 2020.
             Slain by an adder (3 damage)
             ... on level 2 of the Dungeon.
             The game lasted 00:02:30 (889 turns).

robertstho the Magician (Deep Elf Fire Elementalist) Turns: 889, Time: 00:02:31

Health: 0/19       AC:  2    Str:  2 (5)  XL:     3   Next: 33%
Magic:  2/10       EV: 13    Int: 18 (20) God:
Gold:   44         SH:  0    Dex: 14 (15) Spells: 9/10 levels left

rFire    . . .     SeeInvis .   (no weapon)
rCold    . . .     Faith    .   (no shield)
rNeg     . . .     Spirit   .   a - +0 robe
rPois    .         Reflect  .   (no helmet)
rElec    .         Harm     .   (no cloak)
rCorr    .         Rampage  .   (no gloves)
MR       .....                  (no boots)
Stlth    ++........             (no amulet)
HPRegen  0.06/turn              (no ring)
MPRegen  0.12/turn              (no ring)

@: lethally poisoned (0 -> -4), attractive, very slightly contaminated, hasted,
invisible, very quick
A: no striking features
a: no special abilities


You were on level 2 of the Dungeon.
You visited 1 branch of the dungeon, and saw 2 of its levels.

You collected 44 gold pieces.

Inventory:

Missiles
 k - 6 poisoned darts (quivered)
Armour
 a - a +0 robe (worn)
Scrolls
 b - 2 scrolls of fog {unknown}
 c - 3 scrolls of noise {unknown}
 d - 4 scrolls of identify {unknown}
 h - a scroll of remove curse {unknown}
 j - a scroll of teleportation {unknown}


   Skills:
 + Level 2.6 Dodging
 + Level 2.6 Stealth
 * Level 4.0 Spellcasting
 + Level 1.6 Conjurations
 + Level 3.8 Fire Magic


You had 9 spell levels left.
You knew the following spells:

 Your Spells              Type           Power        Failure   Level
a - Foxfire               Conj/Fire      ##..         4%          1

Your spell library contained the following spells:

 Spells                   Type           Power        Failure   Level
 Conjure Flame            Conj/Fire      ##......     14%         3
 Inner Flame              Hex/Fire       ##......     21%         3
 Sticky Flame             Conj/Fire      ##......     43%         4
 Fireball                 Conj/Fire      ##........   80%         5


Dungeon Overview and Level Annotations

Branches:
Dungeon (2/15)

Altars:


Message History

You are very lightly contaminated with residual magic.
* * * LOW HITPOINT WARNING * * *
You feel sick.
Things that are here:
a +0 club; an adder corpse; a hobgoblin corpse An adder comes into view.
The adder is pulled toward you! The adder is pulled toward you!
The adder is pulled toward you!
Things that are here:
a +0 club; an adder corpse; a hobgoblin corpse The adder is pulled toward you!
Casting: Foxfire (safe; 4% risk of failure)
Confirm with . or Enter, or press ? or * to list all spells.
You conjure some foxfire!
* * * LOW HITPOINT WARNING * * *
You feel sick.
The adder hisses angrily.
The adder bites you.
You die...

#.......##.#
#.......##.# #
#.......##.#.#
#.......##'#.#
###'#........#
##### #.#........#
#.... #.#........#
#....###v#........#
+......S@#........#
#....#####........#
#.... ########.#
#.... .# #.... .#
#.... #####


You could see an adder.

Vanquished Creatures
  An adder (D:2)
  A dart slug (D:1)
  4 giant cockroaches (D:1)
  A goblin (D:1)
  4 hobgoblins
  7 jackals (D:1)
  A kobold (D:1)
  3 bats (D:1)
  4 frilled lizards (D:1)
  A rat (D:2)
27 creatures vanquished.

Vanquished Creatures (others)
  89 foxfires
89 creatures vanquished.

Grand Total: 116 creatures vanquished

Notes
Turn   | Place    | Note
-------+----------+-------------------------------------------
     0 | D:1      | robertstho the Deep Elf Fire Elementalist began the quest
                  | for the Orb.
     0 | D:1      | Reached XP level 1. HP: 10/10 MP: 6/6
   323 | D:1      | Reached XP level 2. HP: 15/15 MP: 5/8
   637 | D:1      | Reached XP level 3. HP: 13/19 MP: 0/10
   879 | D:2      | Reached skill level 4 in Spellcasting
   889 | D:2      | Slain by an adder

Illustrated notes

Levels and vault maps discovered:
D:1:      lemuel_arrival_rhombus, layout_basic
D:2:      layout_basic

Skill      XL: |  1  2  3 |
---------------+----------+-----
Spellcasting   | 4 |  4.0
Dodging        | |  2.6
Stealth        | |  2.6
Conjurations   | |  1.6
Fire Magic     | |  3.8

Action                   || total
-------------------------++-------
Melee: Unarmed           ||     1
 Cast: Foxfire           ||    58
  Use: Potion            ||     4
Armor: Robe              ||     2
Dodge: Dodged            ||    19

Table legend: (Time is in decaauts)
 A = Elapsed time spent in this place.
 B = Non-inter-level travel time spent in this place.
 C = Inter-level travel time spent in this place.
 D = Time resting spent in this place.
 E = Time spent auto-exploring this place.
 F = Levels seen in this place.
 G = Mean time per level.
                   A        B        C        D        E       F      G
               +--------+--------+--------+--------+--------+-----+--------+
         Total |    885 |    874 |     11 |     62 |    647 |   2 |  442.5 |
       Dungeon |    885 |    874 |     11 |     62 |    647 |   2 |  442.5 |
               +--------+--------+--------+--------+--------+-----+--------+

Top non-repeatable levels by time:
     D:1: 818 daAuts
     D:2: 67 daAuts
